 Dungeon Sprint DCSS version 0.27.1-34-g3ba077fa99 (webtiles) character file.

Game seed: 11848827714998872210

131 Arum the Shield-Bearer (level 5, 0/46 HPs)
             Began as a Formicid Fighter on Jan 15, 2022.
             Slain by an iguana (6 damage)
             ... in the Dungeon (Sprint IX: "|||||||||||||||||||||||||||||").
             The game lasted 00:00:37 (93 turns).

Arum the Shield-Bearer (Formicid Fighter)             Turns: 93, Time: 00:00:37

Health: 0/46       AC:  7    Str: 21    XL:     5   Next: 37%
Magic:  5/5        EV:  9    Int:  8    God:
Gold:   0          SH: 10    Dex: 10    Spells: 4/4 levels left

rFire    . . .     SeeInvis +   a - +0 quarterstaff
rCold    . . .     Faith    .   c - +0 kite shield
rNeg     . . .     Spirit   .   b - +0 scale mail
rPois    .         Reflect  .   (helmet unavailable)
rElec    .         Harm     .   (no cloak)
rCorr    .         Rampage  .   (no gloves)
Will     .....                  (no boots)
Stlth    ..........             (no amulet)
HPRegen  0.15/turn              (no ring)
MPRegen  0.09/turn              (no ring)

@: mighty, lit by a corona, glowing
A: permanent stasis, dig shafts and tunnels, antennae 3, four strong arms
a: Dig


You were in the Dungeon.
You visited 1 branch

Inventory:

Hand Weapons
 a - a +0 quarterstaff (weapon)
Armour
 b - a +0 scale mail (worn)
 c - a +0 kite shield (worn)
Potions
 e - a potion of curing
 f - a potion of heal wounds
 g - 2 potions of magic


   Skills:
 + Level 6.2 Fighting
 + Level 5.2 Staves
 + Level 6.2 Armour
 + Level 6.9 Shields


You had 4 spell levels left.
You didn't know any spells.
Your spell library was empty.

Dungeon Overview and Level Annotations

Branches:
Dungeon (1/1)

Altars:


Innate Abilities, Weirdness & Mutations

You cannot be hasted, slowed, berserked, paralysed or teleported.
You can dig through walls and to a lower floor.
You have a pair of large antennae on your head. (SInv)
Your four strong arms can wield two-handed weapons with a shield.


Message History

The gnoll shaman hits you but does no damage.
You hit the gnoll shaman.
The gnoll shaman is heavily wounded.
The gnoll shaman hits you with a +0 club.
* * * LOW HITPOINT WARNING * * *
You thump the gnoll shaman!
The gnoll shaman is almost dead.
The gnoll shaman closely misses you.
You closely miss the gnoll shaman.
The gnoll shaman is almost dead.
The iguana hisses menacingly.
The gnoll shaman mumbles some strange prayers to its god against you.
You are outlined in light.
You closely miss the gnoll shaman.
The gnoll shaman is almost dead.
The gnoll shaman utters an invocation to its god.
The gnoll shaman is healed somewhat.
You closely miss the gnoll shaman.
The gnoll shaman is severely wounded.
The gnoll shaman hits you with a +0 club.
* * * LOW HITPOINT WARNING * * *
You block the gnoll shaman's attack.
You hit the gnoll shaman.
The gnoll shaman is almost dead.
The gnoll shaman mumbles some strange prayers to its god.
The gnoll shaman is healed somewhat.
Your shield and scale mail prevent you from hitting the gnoll shaman.
The gnoll shaman is severely wounded.
The gnoll shaman hits you with a +0 club.
* * * LOW HITPOINT WARNING * * *
You sock the gnoll shaman!
You kill the gnoll shaman!
Your Fighting skill increases to level 6!
Your Staves skill increases to level 5!
Your Armour skill increases to level 6!
You barely miss the iguana. You block the iguana's attack.
Unknown command.
You sock the iguana!
The iguana is severely wounded.
The iguana bites you.
You die...

▓+▓
▓.▓
▓.▓
▓.▓
▓.▓
▓.▓
▓l▓
▓@▓
▓.▓
▓.▓
▓.▓
▓.▓
▓)▓
▓.▓
▓.▓
▓.▓


You could see an iguana.

Vanquished Creatures
  A scorpion (D)
  A gnoll shaman (D)
  A hound (D)
  An adder (D)
  A goblin (D)
  A hobgoblin (D)
  3 kobolds (D)
9 creatures vanquished.

Notes
Turn   | Place    | Note
-------+----------+-------------------------------------------
     0 | D        | Arum the Formicid Fighter began the quest for the Orb.
     0 | D        | Reached XP level 1. HP: 18/18 MP: 1/1
    68 | D        | Noticed an iguana
    68 | D        | Noticed a gnoll shaman
    68 | D        | Noticed a scorpion
    68 | D        | Noticed a hound
    76 | D        | Killed a hound
    77 | D        | Reached skill level 5 in Shields
    77 | D        | Reached XP level 2. HP: 16/26 MP: 2/2
    77 | D        | Reached XP level 3. HP: 19/31 MP: 3/3
    81 | D        | Killed a scorpion
    82 | D        | Reached skill level 5 in Fighting
    82 | D        | Reached skill level 5 in Armour
    82 | D        | Reached XP level 4. HP: 11/40 MP: 4/4
    83 | D        | Reached XP level 5. HP: 13/46 MP: 5/5
    92 | D        | Reached skill level 5 in Staves
    93 | D        | Slain by an iguana

Illustrated notes

Levels and vault maps discovered:
D:        linesprint [early_d, line_temple, items_1, d_10, items_2, lair_1,
          lair_end, items_3, orc_1, orc_end, items_4, d_15, swamp_1, shoals_1,
          snake_1, spider_1, d_20, vaults_1, items_5, swamp_end, shoals_end,
          snake_end, spider_end, vaults_end, d_27, items_6, zot_1, zot_end,
          crypt_end, forest_end, elf_end, slime_end, tomb_end, abyss_end,
          pan_hell_end]

Skill      XL: |  1  2  3  4  5 |
---------------+----------------+-----
Shields        | 5 6 |  6.9
Fighting       | 4 5 6 |  6.2
Staves         | 3 4 5 |  5.2
Armour         | 4 5 6 |  6.2

Action                   |  1- 3 |  4- 6 || total
-------------------------+-------+-------++-------
Melee: Quarterstaff      |    24 |    12 ||    36
  Use: Potion            |     1 |       ||     1
Armor: Scale mail        |     6 |     1 ||     7
Dodge: Dodged            |    10 |     2 ||    12
Block: Kite shield       |    10 |     2 ||    12
